 Dungeon Crawl Stone Soup version 0.31-a0-408-gb642c7f9a3 (webtiles) character file.

Game seed: 16148265519847543493

7 gelatine the Charlatan (level 1, -1/13 HPs)
             Began as a Demonspawn Wanderer on July 29, 2023.
             Slain by a goblin
             ... wielding a +0 club
              (2 damage)
             ... on level 1 of the Dungeon.
             The game lasted 00:01:18 (217 turns).

gelatine the Charlatan (Demonspawn Wanderer)         Turns: 217, Time: 00:01:19

Health: -1/13      AC:  3    Str: 10    XL:     1   Next: 83%
Magic:  0/2        EV: 12    Int: 15    God:
Gold:   0          SH:  0    Dex: 12    Spells: 1/2 levels left

rFire   . . .        a - +0 dagger
rCold   . . .        (no shield)
rNeg    . . .        d - +0 robe
rPois   .            (no helmet)
rElec   .            (no cloak)
rCorr   .            b - +0 pair of gloves
SInv    .            (no boots)
Will    .....        (no amulet)
Stlth   ++           (no ring)
HPRegen 0.22/turn    (no ring)
MPRegen 0.08/turn

%: no passive effects
@: no status effects
A: no striking features
a: no special abilities


You were on level 1 of the Dungeon.
You visited 1 branch of the dungeon, and saw 1 of its levels.

Inventory:

Hand Weapons
 a - a +0 dagger (weapon)
Armour
 b - a +0 pair of gloves (worn)
 d - a +0 robe (worn)
Magical Staves
 f - a staff of conjuration
Wands
 e - a wand of paralysis (14)
Scrolls
 g - a scroll of acquirement {unknown}
 h - 2 scrolls of identify {unknown}
Potions
 c - 2 potions of brilliance


   Skills:
 + Level 1.7 Dodging
 + Level 1.0 Stealth
 + Level 1.1 Spellcasting
 + Level 1.7 Air Magic
 + Level 4.3 Evocations


You had one spell level left.
You knew the following spells:

 Your Spells              Type           Power      Damage    Failure   Level
a - Shock                 Conj/Air       12%        1d3       17%         1

Your spell library contained the following spells:

 Spells                   Type           Power      Damage    Failure   Level
 Mephitic Cloud           Conj/Pois/Air  2%         N/A       50%         3


Dungeon Overview and Level Annotations

Branches:
Dungeon (1/15)

Altars:


Message History

You hit the kobold.
The kobold is moderately wounded.
The kobold hits you but does no damage.
You hit the kobold but do no damage.
The kobold is moderately wounded.
The kobold closely misses you.
You hit the kobold.
The kobold is severely wounded.
The kobold hits you with a +0 short sword.
You hit the kobold.
You kill the kobold!
Things that are here:
a +0 short sword; 2 stones HP restored.
An endoplasm comes into view.
The zap hits the endoplasm.
The endoplasm is severely wounded.
The endoplasm quivers.
You miscast Shock.
You are very lightly contaminated with residual magic.
Nothing appears to happen.
A goblin comes into view. It is wielding a +0 club.
The endoplasm barely misses you.
You hit the endoplasm but do no damage.
The endoplasm is severely wounded.
The endoplasm freezes you.
You are frozen.
The goblin shouts!
You hit the endoplasm but do no damage.
The endoplasm is severely wounded.
The endoplasm freezes you.
You are frozen.
You hit the endoplasm.
You kill the endoplasm!
You barely miss the goblin. The goblin hits you with a +0 club.
* * * LOW HITPOINT WARNING * * *
Your magical contamination has completely faded away.
Unknown command.
You miss the goblin. The goblin hits you with a +0 club.
You die...

######...######.#.#######
#.### #.#........ #.#
#.######### #)# ..# ##.##
# #.# ##.###...### #.#
.##.##.....## #.#
.....#>.......
..####.###......##.....##
#.#.......@g......
##...##
...#.......#.....# ##.##
#######.#######..# ....#
#..# #~~#.......#~~#..#
.### ##.#
#~#.........#~#... # #.#
##...........##..## #.#
#.............#..# #.#
#.............##.. #.#
#.............#.# #.#


You could see a goblin.

Vanquished Creatures
  2 endoplasms (D:1)
  A goblin (D:1)
  2 kobolds (D:1)
5 creatures vanquished.

Notes
Turn   | Place    | Note
-------+----------+-------------------------------------------
     0 | D:1      | gelatine the Demonspawn Wanderer began the quest for the
                  | Orb.
     0 | D:1      | gelatine set off with the following items: a +0 dagger, a
                  | +0 pair of gloves, a potion of brilliance, a +0 robe, a
                  | wand of paralysis (14); and the following spell memorised:
                  | Shock; and the following spells available to memorise:
                  | Mephitic Cloud.
     0 | D:1      | Reached XP level 1. HP: 13/13 MP: 2/2
   217 | D:1      | Slain by a goblin

Illustrated notes

Levels and vault maps discovered:
D:1:      psy_arrival_dodecagon, layout_loops_ring

Action                     || total
---------------------------++-------
  Melee: Dagger            ||    29
   Cast: Shock             ||     6
 Armour: Robe              ||     5
  Dodge: Dodged            ||    18

Table legend: (Time is in decaauts)
 A = Elapsed time spent in this place.
 B = Non-inter-level travel time spent in this place.
 C = Inter-level travel time spent in this place.
 D = Time resting spent in this place.
 E = Time spent auto-exploring this place.
 F = Levels seen in this place.
 G = Mean time per level.
                   A        B        C        D        E       F      G
               +--------+--------+--------+--------+--------+-----+--------+
         Total |    217 |    217 |      0 |      0 |    140 |   1 |  217.0 |
       Dungeon |    217 |    217 |      0 |      0 |    140 |   1 |  217.0 |
               +--------+--------+--------+--------+--------+-----+--------+

Top non-repeatable levels by time:
     D:1: 217 daAuts
